MLB
LOS ANGELES (A) ANGELS @ TEXAS RANGERS
04/20/2042
 
TOP OF THE 1ST
Los Angeles (A) Angels batting - Pitching for Texas Rangers : RHP Andreas Turner
Pitching: RHP Andreas Turner
Batting: SHB Pancho Baca 0-0: Fly out, F3 (Popup, 34, EV 67.5 MPH)
Batting: LHB Tony Morín 0-0: Ball
1-0: Fly out, F9 (Flyball, 89S, EV 95.6 MPH)
Batting: RHB Brad Rasmussen 0-0: Ball
1-0: Swinging Strike
1-1: Ball
2-1: Ball
3-1: SINGLE (Groundball, 3D, EV 104.4 MPH)
Batting: LHB Bobby Fontenot 0-0: Foul Ball, location: 5F
0-1: Foul Ball, location: 5F
0-2: Ball
Brad Rasmussen steals 2nd base
1-2: Foul Ball, location: 7LSF
1-2: Ball
2-2: Strikes out swinging
Top of the 1st over - 0 runs, 1 hit, 0 errors, 1 left on base; Los Angeles (A) 0 - Texas 0
BOTTOM OF THE 1ST
Texas Rangers batting - Pitching for Los Angeles (A) Angels : LHP Andy Bullock
Pitching: LHP Andy Bullock
Batting: RHB Jesús Tucker 0-0: Ball
1-0: Foul Ball, location: 9LSF
1-1: Swinging Strike
1-2: DOUBLE (Line Drive, 7LD, EV 103.1 MPH)
Batting: RHB Gilberto Soto 0-0: 2-RUN HOME RUN (Flyball, 7D, EV 96.9 MPH), Distance : 380 ft
Batting: RHB Don Stringfield 0-0: Ball
1-0: Ball
2-0: Called Strike
2-1: Foul Ball, location: 2F
2-2: Foul Ball, location: 9LSF
2-2: Ball
3-2: Foul Ball, location: 2F
3-2: Ground out 6-3 (Groundball, 6, EV 106.3 MPH)
Batting: LHB Jesús Gómez 0-0: Swinging Strike
0-1: Ball
1-1: SINGLE (Groundball, 6MD, EV 110.6 MPH)
Batting: RHB Jeremy Wiley 0-0: Called Strike
0-1: Swinging Strike
0-2: Foul Ball, location: 9LMF
0-2: Ball
1-2: Foul Ball, location: 3F
1-2: Foul Ball, location: 3F
1-2: Foul Ball, location: 2F
1-2: Foul Ball, location: 2LF
1-2: Foul Ball, location: 25FF
1-2: Strikes out swinging
Batting: LHB Adrián Flores 0-0: Called Strike
0-1: Fly out, F8 (Line Drive, 8RD, EV 95.6 MPH)
Bottom of the 1st over - 2 runs, 3 hits, 0 errors, 1 left on base; Los Angeles (A) 0 - Texas 2
TOP OF THE 2ND
Los Angeles (A) Angels batting - Pitching for Texas Rangers : RHP Andreas Turner
Batting: RHB Chris Stephens 0-0: Ball
1-0: Ball
2-0: Fly out, F8 (Flyball, 8LXD, EV 100.6 MPH)
Batting: LHB Víctor Cortés 0-0: Ground out 6-3 (Groundball, 6, EV 86.3 MPH)
Batting: RHB Juan Nava 0-0: Ball
1-0: Ball
2-0: Called Strike
2-1: Swinging Strike
2-2: Strikes out swinging
Top of the 2nd over - 0 runs, 0 hits, 0 errors, 0 left on base; Los Angeles (A) 0 - Texas 2
BOTTOM OF THE 2ND
Texas Rangers batting - Pitching for Los Angeles (A) Angels : LHP Andy Bullock
Batting: LHB David Manuel 0-0: Called Strike
0-1: SINGLE (Groundball, 34D, EV 105.6 MPH)
Batting: RHB Jake Edmonds 0-0: Sac Bunt to 23 - play at first, batter OUT! 3-4
David Manuel to second
Batting: LHB Shawn Rice 0-0: Foul Ball, location: 2F
0-1: Called Strike
0-2: Strikes out swinging
Batting: RHB Jesús Tucker 0-0: Ball
1-0: Called Strike
1-1: Called Strike
1-2: Ground out 3-1 (Groundball, 34, EV 105.6 MPH)
Bottom of the 2nd over - 0 runs, 1 hit, 0 errors, 1 left on base; Los Angeles (A) 0 - Texas 2
TOP OF THE 3RD
Los Angeles (A) Angels batting - Pitching for Texas Rangers : RHP Andreas Turner
Batting: RHB Joe Pratt 0-0: Foul Ball, location: 2F
0-1: Ball
1-1: SINGLE (Groundball, 56D, EV 105.0 MPH)
Batting: RHB César Montés 0-0: Bunted foul
0-1: Sac Bunt to 25 - play at first, batter OUT! 5-3
Joe Pratt to second
Batting: SHB Pancho Baca 0-0: Ground out 5-3 (Groundball, 5, EV 91.3 MPH)
Batting: LHB Tony Morín 0-0: Swinging Strike
0-1: SINGLE (Line Drive, 89S, EV 104.4 MPH)
Joe Pratt to third
Runner from 3rd tries for Home, SAFE, throw by RF to home
Batting: RHB Brad Rasmussen 0-0: Ball
1-0: Called Strike
1-1: Swinging Strike
1-2: Fielders Choice at 2nd, 6-4 (Groundball, 6, EV 77.5 MPH)
Top of the 3rd over - 1 run, 2 hits, 0 errors, 1 left on base; Los Angeles (A) 1 - Texas 2
BOTTOM OF THE 3RD
Texas Rangers batting - Pitching for Los Angeles (A) Angels : LHP Andy Bullock
Batting: RHB Gilberto Soto 0-0: Ball
1-0: Ground out 1-3 (Groundball, 15S, EV 74.4 MPH)
Batting: RHB Don Stringfield 0-0: Ball
1-0: Ball
2-0: Foul Ball, location: 9LSF
2-1: Foul Ball, location: 5F
2-2: Foul Ball, location: 2F
2-2: DOUBLE (Groundball, 5L, EV 101.3 MPH)
Batting: LHB Jesús Gómez 0-0: Ball
1-0: SINGLE (Groundball, 4D, EV 94.4 MPH)
Don Stringfield to third
Batting: RHB Jeremy Wiley 0-0: Called Strike
0-1: Swinging Strike
0-2: Foul Ball, location: 2F
0-2: Strikes out swinging
Batting: LHB Adrián Flores 0-0: Ball
1-0: Foul Ball, location: 7LDF
1-1: Fly out, F5 (Popup, 5SF, EV 80.0 MPH)
Bottom of the 3rd over - 0 runs, 2 hits, 0 errors, 2 left on base; Los Angeles (A) 1 - Texas 2
TOP OF THE 4TH
Los Angeles (A) Angels batting - Pitching for Texas Rangers : RHP Andreas Turner
Batting: LHB Bobby Fontenot 0-0: Ball
1-0: SINGLE (Groundball, 2L, EV 69.4 MPH) (infield hit)
Batting: RHB Chris Stephens 0-0: Ball
1-0: Swinging Strike
1-1: Ball
2-1: Foul Ball, location: 9LDF
2-2: Foul Ball, location: 2F
2-2: Ball
3-2: Base on Balls
Bobby Fontenot to second
Batting: LHB Víctor Cortés 0-0: Sac Bunt to 2R - play at first, batter OUT! 2-3
Bobby Fontenot to third
Chris Stephens to second
Batting: RHB Juan Nava 0-0: Ball
1-0: Ball
2-0: Foul Ball, location: 23F
2-1: Ball
3-1: Fly out, F8 (Flyball, 8LD, EV 78.1 MPH)
Batting: RHB Joe Pratt 0-0: Called Strike
0-1: Swinging Strike
0-2: Foul Ball, location: 7LMF
0-2: Ball
1-2: Strikes out swinging
Top of the 4th over - 0 runs, 1 hit, 0 errors, 2 left on base; Los Angeles (A) 1 - Texas 2
BOTTOM OF THE 4TH
Texas Rangers batting - Pitching for Los Angeles (A) Angels : LHP Andy Bullock
Batting: LHB David Manuel 0-0: Ball
1-0: Foul Ball, location: 7LSF
1-1: Foul Ball, location: 23F
1-2: Ball
2-2: SINGLE (Groundball, 34D, EV 101.9 MPH)
Batting: RHB Jake Edmonds 0-0: Ball
1-0: Called Strike
David Manuel is caught stealing 2nd base 2-4
1-1: Fly out, F6 (Popup, 6, EV 49.4 MPH)
Batting: LHB Shawn Rice 0-0: Foul Ball, location: 9LDF
0-1: Called Strike
0-2: Ball
1-2: Ball
2-2: Ball
3-2: Base on Balls
Batting: RHB Jesús Tucker 0-0: Called Strike
0-1: Called Strike
0-2: Ball
1-2: Fielders Choice at 2nd, 5-4 (Groundball, 5L, EV 81.3 MPH)
Bottom of the 4th over - 0 runs, 1 hit, 0 errors, 1 left on base; Los Angeles (A) 1 - Texas 2
TOP OF THE 5TH
Los Angeles (A) Angels batting - Pitching for Texas Rangers : RHP Andreas Turner
Batting: RHB César Montés 0-0: Called Strike
0-1: Foul Ball, location: 9LSF
0-2: Hit by Pitch
Batting: SHB Pancho Baca 0-0: Swinging Strike
0-1: Foul Ball, location: 7LDF
0-2: SINGLE (Line Drive, 3D, EV 99.4 MPH)
César Montés to second
Throwing error, E9
César Montés scores
Pancho Baca to second
Batting: LHB Tony Morín 0-0: Called Strike
Pancho Baca steals 3rd base
0-1: Ball
1-1: Ball
2-1: Foul Ball, location: 25F
2-2: Foul Ball, location: 7LMF
2-2: Ball
3-2: Fly out, F8 (Flyball, 8LM, EV 94.4 MPH)
Runner from 3rd tags up, SCORES, no throw by CF
Batting: RHB Brad Rasmussen 0-0: Called Strike
0-1: SINGLE (Groundball, 56S, EV 71.9 MPH) (infield hit)
Batting: LHB Bobby Fontenot 0-0: Called Strike
Brad Rasmussen steals 2nd base
0-1: Swinging Strike
0-2: Fly out, F8 (Flyball, 8RXD, EV 110.6 MPH)
Runner from 2nd tags up, SAFE at 3rd, no throw by CF
Batting: RHB Chris Stephens 0-0: Called Strike
0-1: Ball
1-1: Called Strike
1-2: SINGLE (Line Drive, 7S, EV 92.5 MPH)
Brad Rasmussen scores
Batting: LHB Víctor Cortés 0-0: Called Strike
0-1: Ball
1-1: Foul Ball, location: 7LDF
1-2: Ball
Chris Stephens steals 2nd base
2-2: Fly out, F5 (Popup, 5F, EV 70.6 MPH)
Top of the 5th over - 3 runs, 3 hits, 1 error, 1 left on base; Los Angeles (A) 4 - Texas 2
BOTTOM OF THE 5TH
Texas Rangers batting - Pitching for Los Angeles (A) Angels : LHP Andy Bullock
Batting: RHB Gilberto Soto 0-0: Ball
1-0: Called Strike
1-1: Swinging Strike
1-2: TRIPLE (Flyball, 9LD, EV 108.1 MPH)
Batting: RHB Don Stringfield 0-0: SINGLE (Groundball, 56D, EV 103.1 MPH) (infield hit)
Gilberto Soto scores
Batting: LHB Jesús Gómez 0-0: Ball
1-0: Swinging Strike
1-1: Ball
2-1: DOUBLE (Flyball, 89D, EV 106.9 MPH)
Don Stringfield to third
Batting: RHB Jeremy Wiley 0-0: Ball
1-0: Called Strike
1-1: Ball
2-1: Ball
3-1: Fly out, F4 (Popup, 4, EV 78.1 MPH)
Batting: LHB Adrián Flores 0-0: Foul Ball, location: 2F
0-1: Hit by Pitch
Batting: LHB David Manuel 0-0: Foul Ball, location: 7LDF
0-1: Ball
1-1: SINGLE (Groundball, 34, EV 84.4 MPH)
Don Stringfield scores
Jesús Gómez to third
Adrián Flores to second
Batting: RHB Jake Edmonds 0-0: Called Strike
0-1: Fly out, F8 (Flyball, 8LXD, EV 98.8 MPH)
Runner from 3rd tags up, SCORES, no throw by CF
Adrián Flores to third
Pitching: LHP Stan Mitchell
Batting: LHB Shawn Rice 0-0: Ball
1-0: Called Strike
1-1: Foul Ball, location: 7LMF
1-2: Ball
2-2: Strikes out looking
Bottom of the 5th over - 3 runs, 4 hits, 0 errors, 2 left on base; Los Angeles (A) 4 - Texas 5
TOP OF THE 6TH
Los Angeles (A) Angels batting - Pitching for Texas Rangers : RHP Andreas Turner
Batting: RHB Juan Nava 0-0: Ball
1-0: Foul Ball, location: 2LF
1-1: Foul Ball, location: 2F
1-2: Ball
2-2: DOUBLE (Groundball, 5L, EV 101.3 MPH)
Batting: RHB Joe Pratt 0-0: Called Strike
Juan Nava steals 3rd base (no throw)
0-1: Ball
1-1: Ball
2-1: Fly out, F9 (Flyball, 89M, EV 83.8 MPH)
Runner from 3rd tags up, SCORES, throw by RF
Pitching: LHP Giustiniano DiGrande
Batting: RHB César Montés 0-0: Ball
1-0: Foul Ball, location: 2F
1-1: Ball
2-1: Ball
3-1: Base on Balls
Batting: SHB Pancho Baca 0-0: Foul Ball, location: 2F
0-1: Ball
1-1: Foul Ball, location: 5SF
1-2: Ball
2-2: SINGLE (Groundball, 4, EV 100.0 MPH)
César Montés to second
Batting: LHB Tony Morín 0-0: Ball
1-0: Ball
2-0: Ball
3-0: Base on Balls
César Montés to third
Pancho Baca to second
Batting: RHB Brad Rasmussen 0-0: Ball
1-0: Foul Ball, location: 9LMF
1-1: Ball
2-1: Foul Ball, location: 9LMF
2-2: Foul Ball, location: 3F
2-2: Ball
3-2: SINGLE (Groundball, 4MD, EV 98.1 MPH)
César Montés scores
Pancho Baca to third
Tony Morín to second
Batting: LHB Bobby Fontenot 0-0: Ball
1-0: Ball
2-0: Ball
3-0: Called Strike
3-1: Base on Balls
Pancho Baca scores
Tony Morín to third
Brad Rasmussen to second
Batting: RHB Chris Stephens 0-0: Ball
1-0: Called Strike
1-1: Foul Ball, location: 9LDF
1-2: Ball
2-2: Foul Ball, location: 9LMF
2-2: Foul Ball, location: 2F
2-2: Ball
3-2: Foul Ball, location: 7LMF
3-2: Base on Balls
Tony Morín scores
Brad Rasmussen to third
Bobby Fontenot to second
Batting: LHB Víctor Cortés 0-0: Ball
1-0: Foul Ball, location: 2F
1-1: Ball
2-1: Ball
3-1: Base on Balls
Brad Rasmussen scores
Bobby Fontenot to third
Chris Stephens to second
Pitching: RHP Jeff Kuhn
Batting: RHB Juan Nava 0-0: Swinging Strike
0-1: Foul Ball, location: 9LMF
0-2: Ball
1-2: Ball
2-2: Foul Ball, location: 7LMF
2-2: Strikes out swinging
Batting: RHB Joe Pratt 0-0: Swinging Strike
0-1: DOUBLE (Flyball, 8LXD, EV 102.5 MPH)
Bobby Fontenot scores
Chris Stephens scores
Víctor Cortés to third
Runner from 3rd tries for Home, SAFE, throw by CF to home
Batting: RHB César Montés 0-0: Called Strike
0-1: Hit by Pitch
Batting: SHB Pancho Baca 0-0: SINGLE (Groundball, 6M, EV 101.3 MPH) (infield hit)
Joe Pratt to third
César Montés to second
Batting: LHB Tony Morín 0-0: Ball
1-0: Ball
2-0: Ball
3-0: Called Strike
3-1: Swinging Strike
3-2: Ground out 4-3 (Groundball, 4, EV 90.6 MPH)
Top of the 6th over - 8 runs, 5 hits, 0 errors, 3 left on base; Los Angeles (A) 12 - Texas 5
BOTTOM OF THE 6TH
Texas Rangers batting - Pitching for Los Angeles (A) Angels : LHP Stan Mitchell
Batting: RHB Jesús Tucker 0-0: Called Strike
0-1: Foul Ball, location: 9LSF
0-2: Strikes out looking
Batting: RHB Gilberto Soto 0-0: Foul Ball, location: 25FF
0-1: Ball
1-1: Fly out, F5 (Popup, 5F, EV 76.9 MPH)
Batting: RHB Don Stringfield 0-0: Called Strike
0-1: SINGLE (Line Drive, 8LS, EV 86.3 MPH)
Batting: LHB Jesús Gómez 0-0: Foul Ball, location: 3DF
0-1: Fielders Choice at 2nd, 6-4 (Groundball, 56, EV 85.6 MPH)
Bottom of the 6th over - 0 runs, 1 hit, 0 errors, 1 left on base; Los Angeles (A) 12 - Texas 5
TOP OF THE 7TH
Los Angeles (A) Angels batting - Pitching for Texas Rangers : RHP Jeff Kuhn
Batting: RHB Brad Rasmussen 0-0: Called Strike
0-1: Ball
1-1: Ball
2-1: Ball
3-1: Called Strike
3-2: Base on Balls
Batting: LHB Bobby Fontenot 0-0: Foul Ball, location: 23F
0-1: Ball
Brad Rasmussen steals 2nd base (no throw)
1-1: Called Strike
1-2: Ball
2-2: Foul Ball, location: 7LSF
2-2: Ball
3-2: Strikes out swinging
Batting: RHB Chris Stephens 0-0: Ball
1-0: Foul Ball, location: 2F
1-1: Ball
2-1: Swinging Strike
2-2: Ball
3-2: Strikes out swinging
Batting: LHB Víctor Cortés 0-0: Ground out 6-3 (Groundball, 6, EV 103.8 MPH)
Top of the 7th over - 0 runs, 0 hits, 0 errors, 1 left on base; Los Angeles (A) 12 - Texas 5
BOTTOM OF THE 7TH
Texas Rangers batting - Pitching for Los Angeles (A) Angels : LHP Stan Mitchell
Batting: RHB Jeremy Wiley 0-0: Called Strike
0-1: Ball
1-1: Ground out 4-3 (Groundball, 4, EV 90.0 MPH)
Batting: LHB Adrián Flores 0-0: Ground out 6-3 (Groundball, 4MD, EV 95.6 MPH)
Batting: LHB David Manuel 0-0: Called Strike
0-1: Swinging Strike
0-2: Fly out, F7 (Line Drive, 7S, EV 96.9 MPH)
Bottom of the 7th over - 0 runs, 0 hits, 0 errors, 0 left on base; Los Angeles (A) 12 - Texas 5
TOP OF THE 8TH
Los Angeles (A) Angels batting - Pitching for Texas Rangers : RHP Jeff Kuhn
Batting: RHB Juan Nava 0-0: Called Strike
0-1: Ball
1-1: Ball
2-1: SINGLE (Groundball, 6MD, EV 96.9 MPH)
Batting: RHB Joe Pratt 0-0: Ball
1-0: Ball
2-0: Ball
3-0: Called Strike
3-1: DOUBLE (Flyball, 8RXD, EV 91.9 MPH)
Juan Nava to third
Pitching: RHP António De La Cruz
Batting: RHB César Montés 0-0: Ball
1-0: Called Strike
1-1: Ground out 6-3 (Groundball, 6, EV 104.4 MPH)
Juan Nava scores
Batting: SHB Pancho Baca 0-0: Ball
1-0: Ball
2-0: Ball
3-0: Called Strike
3-1: Base on Balls
Batting: LHB Tony Morín 0-0: Ball
1-0: Ball
2-0: Called Strike
2-1: Foul Ball, location: 23F
2-2: Ball
3-2: Base on Balls
Joe Pratt to third
Pancho Baca to second
Batting: RHB Brad Rasmussen 0-0: Ball
1-0: SINGLE (Groundball, 6MD, EV 103.1 MPH)
Joe Pratt scores
Pancho Baca to third
Tony Morín to second
Runner from 3rd tries for Home, SAFE, throw by CF to home
Batting: LHB Bobby Fontenot 0-0: Called Strike
0-1: Foul Ball, location: 2F
0-2: Ball
1-2: Ball
2-2: Ball
3-2: Grounds into double play, 6-4-3 (Groundball, 6S, EV 88.1 MPH)
Top of the 8th over - 3 runs, 3 hits, 0 errors, 1 left on base; Los Angeles (A) 15 - Texas 5
BOTTOM OF THE 8TH
Texas Rangers batting - Pitching for Los Angeles (A) Angels : LHP Stan Mitchell
Batting: RHB Jake Edmonds 0-0: Called Strike
0-1: Ball
1-1: Ground out 4-3 (Groundball, 4, EV 91.9 MPH)
Batting: LHB Shawn Rice 0-0: Ball
1-0: Ball
2-0: Called Strike
2-1: Ball
3-1: SINGLE (Groundball, 6, EV 108.8 MPH)
Batting: RHB Jesús Tucker 0-0: Ball
1-0: Fly out, F3 (Line Drive, 3, EV 63.1 MPH)
Batting: RHB Gilberto Soto 0-0: Ball
1-0: Ball
2-0: SINGLE (Flyball, 8LS, EV 96.3 MPH)
Shawn Rice to second
Batting: RHB Don Stringfield 0-0: Called Strike
0-1: Ball
1-1: Ball
2-1: Called Strike
2-2: Strikes out looking
Bottom of the 8th over - 0 runs, 2 hits, 0 errors, 2 left on base; Los Angeles (A) 15 - Texas 5
TOP OF THE 9TH
Los Angeles (A) Angels batting - Pitching for Texas Rangers : RHP António De La Cruz
Pinch Hitting: RHB Erik Lark 0-0: Ball
1-0: Ball
2-0: Ball
3-0: Called Strike
3-1: Called Strike
3-2: Ground out 1-3 (Groundball, 13, EV 63.8 MPH)
Batting: LHB Víctor Cortés 0-0: Fly out, F7 (Flyball, 7, EV 84.4 MPH)
Batting: RHB Juan Nava 0-0: Called Strike
0-1: Ball
1-1: Swinging Strike
1-2: Foul Ball, location: 5F
1-2: Foul Ball, location: 2F
1-2: Strikes out looking
Top of the 9th over - 0 runs, 0 hits, 0 errors, 0 left on base; Los Angeles (A) 15 - Texas 5
BOTTOM OF THE 9TH
Texas Rangers batting - Pitching for Los Angeles (A) Angels : LHP Stan Mitchell
Now at 3B: Erik Lark
Batting: LHB Jesús Gómez 0-0: Ball
1-0: Ball
2-0: Ball
3-0: Foul Ball, location: 5FF
3-1: Called Strike
3-2: Strikes out looking
Batting: RHB Jeremy Wiley 0-0: Called Strike
0-1: Ball
1-1: SINGLE (Line Drive, 7LS, EV 97.5 MPH)
Batting: LHB Adrián Flores 0-0: Ball
1-0: Grounds into double play, 3-6-1 (Groundball, 3, EV 107.5 MPH)
Bottom of the 9th over - 0 runs, 1 hit, 0 errors, 0 left on base; Los Angeles (A) 15 - Texas 5
Friday, May 3rd , 2024 - OOTP Baseball 24.10 Build 82